 Dungeon Crawl Stone Soup version 0.31-a0-960-g0fca184906 (webtiles) character file.

Game seed: 2210718051852751904

55355 CowFu the Impaler (level 14, -27/108 HPs)
             Began as a Minotaur Fighter on Oct 23, 2023.
             Was a High Priest of Hepliaklqana.
             Annihilated by an ironbound frostheart (32 damage)
             ... on level 14 of the Dungeon.
             The game lasted 00:19:34 (11669 turns).

CowFu the Impaler (Minotaur Fighter)               Turns: 11669, Time: 00:19:34

Health: -27/108    AC: 20    Str: 33    XL:     14   Next: 38%
Magic:  18/18      EV: 13    Int:  5    God:    Hepliaklqana [*****.]
Gold:   1025       SH:  9    Dex:  9    Spells: 13/13 levels left

rFire   + . .        a - +5 trident (heavy)
rCold   . . .        h - +3 warlock's mirror {omnireflect}
rNeg    . . .        f - +1 scale mail {rF+}
rPois   .            z - +2 hat
rElec   .            H - scarf {repulsion}
rCorr   .            I - +2 pair of gloves of Grottiness {Str+6}
SInv    +            o - +0 pair of boots
Will    +....        l - amulet of regeneration Stlth
                     i - +4 ring of protection
HPRegen 1.18/turn    v - ring of see invisible
MPRegen 0.16/turn

%: repel missiles, reflection
@: about to teleport
A: reduced essence, horns 2, retaliatory headbutt
a: Renounce Religion, Recall Ancestor, Ancestor Identity, Transference, Idealise


You were on level 14 of the Dungeon.
You worshipped Hepliaklqana.
Hepliaklqana was extremely pleased with you.
You visited 2 branches of the dungeon, and saw 15 of its levels.
You also visited: Ossuary and Bailey.

You collected 1025 gold pieces.

Inventory:

Hand Weapons
 a - a +5 heavy trident (weapon)
Armour
 f - a +1 scale mail of fire resistance (worn)
 h - the +3 warlock's mirror (worn) {omnireflect}
   (You acquired it on level 7 of the Dungeon)

   Omnireflect: It can block and reflect piercing ranged attacks and magical
   attacks against the wielder's willpower.
 o - a +0 pair of boots (worn)
 z - a +2 hat (worn)
 H - a scarf of repulsion (worn)
 I - the +2 pair of gloves of Grottiness (worn) {Str+6}
   (You acquired it in a bailey)

   Str+6:     It affects your strength (+6).
 L - a +0 scale mail of cold resistance
Jewellery
 c - a ring of poison resistance
 i - a +4 ring of protection (left hand)
 k - a ring of fire
 l - an amulet of regeneration (around neck)
 m - a ring of willpower
 u - a ring of ice
 v - a ring of see invisible (right hand)
 N - a ring of ice
 Y - a +4 ring of protection
Wands
 C - a wand of flame (49)
 E - a wand of quicksilver (15)
 F - a wand of roots (15)
 O - a wand of polymorph (11)
 S - a wand of digging (5)
Scrolls
 b - 2 scrolls of enchant armour
 j - a scroll of torment
 n - 4 scrolls of immolation
 q - a scroll of summoning
 r - 2 scrolls of teleportation
 x - 5 scrolls of brand weapon
 y - 3 scrolls of identify
 A - 5 scrolls of fog
 B - 2 scrolls of poison
 T - 3 scrolls of blinking
 U - a scroll of silence
 V - a scroll of enchant weapon
 X - 2 scrolls of vulnerability
 Z - a scroll of fear
Potions
 d - 6 potions of might
 e - 2 potions of invisibility
 g - 9 potions of curing
 p - a potion of ambrosia
 s - 6 potions of mutation
 t - 5 potions of lignification
 w - 2 potions of brilliance
 D - a potion of heal wounds
 G - 7 potions of attraction
 J - a potion of enlightenment
 K - 3 potions of haste
 P - a potion of cancellation
 Q - a potion of magic
 W - 2 potions of resistance
Miscellaneous
 M - a condenser vane


   Skills:
 - Level 10.0 Fighting
 + Level 17.1 Polearms
 - Level 10.0 Armour
 - Level 10.0 Dodging
 - Level 10.0 Shields
 + Level 6.8 Invocations
 - Level 8.0 Evocations


You had 13 spell levels left.
You didn't know any spells.
Your spell library contained the following spells:

 Spells                   Type           Power      Damage    Failure   Level
 Magic Dart               Conj           0%         1d3       71%         1
 Sting                    Tmut/Pois      0%         1d3       71%         1
 Call Imp                 Summ           0%         N/A       83%         2
 Lesser Beckoning         Tloc           0%         N/A       83%         2
 Poisonous Vapours        Pois/Air       0%         N/A       83%         2
 Gell's Gravitas          Tloc           0%         N/A       97%         3
 Inner Flame              Hex/Fire       0%         N/A       97%         3
 Mephitic Cloud           Conj/Pois/Air  0%         N/A       97%         3
 Teleport Other           Tloc           0%         N/A       97%         3
 Tukima's Dance           Hex            0%         N/A       97%         3
 Dimensional Bullseye     Hex/Tloc       0%         N/A       100%        4
 Flame Wave               Conj/Fire      0%         2d4       100%        4
 Iskenderun's Mystic Bla  Conj/Tloc      0%         2d3       100%        4
 Olgreb's Toxic Radiance  Pois           0%         N/A       100%        4
 Sticky Flame             Conj/Fire      0%         2d3       100%        4
 Vhi's Electric Charge    Tloc/Air       0%         N/A       100%        4
 Arcjolt                  Conj/Air       0%         1d10      100%        5
 Freezing Cloud           Conj/Ice/Air   0%         6-21      100%        5
 Summon Forest            Summ/Tloc      0%         N/A       100%        5
 Dispersal                Tloc           0%         N/A       100%        6
 Eringya's Noxious Bog    Tmut/Pois      0%         4d6       100%        6
 Plasma Beam              Fire/Air       0%         2x1d10    100%        6
 Summon Hydra             Summ           0%         N/A       100%        7


Dungeon Overview and Level Annotations

Branches:
Dungeon (14/15)            Temple (1/1) D:5            Lair (0/5) D:9
    Orc (0/2) D:9          Vaults (0/5) D:14        Ossuary (visited)
 Bailey (visited)

Altars:
Ashenzari
Cheibriados
Dithmenos
Elyvilon
Fedhas
Gozag
Hepliaklqana
Kikubaaqudgha
Makhleb
Nemelex Xobeh
Okawaru
Qazlal
Ru
Sif Muna
Trog
Uskayaw
Vehumet
Wu Jian
Xom
Yredelemnul
Zin
The Shining One

Shops:
D:8 :

Annotations:
D:3 1 runed translucent door, wireframewife's ghost, amateur BaIE
D:11 3 runed translucent doors, Ekaitz's ghost, journeyman DEEE


Innate Abilities, Weirdness & Mutations

Your life essence is reduced to manifest your ancestor. (-10% HP)
You have a pair of horns on your head.
You reflexively headbutt those who attack you in melee.


Message History

The centaur warrior closely misses you.
The centaur warrior kicks you but does no damage.
The boulder beetle bites you.
You impale the boulder beetle!!
You headbutt the boulder beetle, but do no damage.
The boulder beetle is severely wounded.
The centaur warrior hits you but does no damage.
The centaur warrior kicks you but does no damage.
You impale the boulder beetle!!
The boulder beetle is almost dead.
You block the centaur warrior's attack.
The centaur warrior kicks you but does no damage.
You block the boulder beetle's attack.
The centaur warrior hits you but does no damage.
You block the centaur warrior's attack.
You hit the boulder beetle.
You kill the boulder beetle!
Your surroundings suddenly seem different.
An ironbound frostheart and a vault guard come into view.
Found a gate to the Vaults.
The ironbound frostheart shouts!
The vault guard shouts!
You hear a shout!
The ironbound frostheart calls freezing cold from the walls.
The frost grips you!!
* * * LOW HITPOINT WARNING * * *
You are encased in ice.
A human comes into view.
The vault guard hits you with a +2 war axe!
* * * LOW HITPOINT WARNING * * *
You feel much better.
A cyclops comes into view.
The vault guard hits you with a +2 war axe!
* * * LOW HITPOINT WARNING * * *
As you read the scroll of teleportation, it crumbles to dust.
You feel strangely unstable. The ice encasing you melts away.
The vault guard hits you but does no damage.
The ironbound frostheart touches you!
* * * LOW HITPOINT WARNING * * *
The ironbound frostheart freezes you!!
You die...

### ##.##
.p####...##
.C.....∩..#
#.@p# ##p##
###


You could see a vault guard, an ironbound frostheart, a cyclops and a human.

Vanquished Creatures
  2 orc warlords (Bailey)
  A hydra (D:13)
  3 two-headed ogres
  2 boulder beetles
  2 centaur warriors (D:13)
  2 tengu warriors
  2 ugly things
  A cyclops (shapeshifter) (D:9)
  3 cyclopes
  4 manticores
  A wolf spider (D:14)
  2 unseen horrors (D:11)
  A komodo dragon (D:9)
  2 kobold demonologists
  A tengu conjurer (D:13)
  5 trolls
  A hornet (D:9)
  A shadow (D:11)
  3 vampires
  2 wraiths
  4 wyverns
  12 yaks
  A basilisk (D:13)
  6 vampire mosquitoes
  A water moccasin (D:7)
  Duvessa (D:5)
  An acid dragon (D:11)
  A black bear (D:4)
  A sky beast (D:8)
  4 ice beasts
  9 orc warriors
  2 wolves (D:9)
  2 ogres (D:6)
  2 phantoms (D:7)
  8 centaurs
  2 kobold brigands
  2 elf zombies (Ossuary)
  3 bullfrogs
  2 gnoll sergeants
  6 scorpions
  3 wights
  Dowan (D:5)
  3 killer bees (D:8)
  3 howler monkeys
  4 jellies
  8 orc priests
  A bullfrog skeleton (D:8)
  10 hounds
  A scorpion zombie (D:8)
  2 iguanas
  15 orc wizards
  A sleepcap (D:4)
  A mummy (Ossuary)
  2 gnolls (D:10)
  A howler monkey skeleton (D:8)
  9 adders
  4 white imps (D:7)
  2 ufetubi (D:7)
  An adder zombie (Ossuary)
  2 worms
  4 dart slugs
  49 orcs
  8 bats
  3 endoplasms
  6 giant cockroaches
  10 goblins
  9 hobgoblins
  7 jackals (D:3)
  18 kobolds
  5 quokkas
  9 ball pythons
  3 frilled lizards
  A goblin zombie (Ossuary)
  8 hobgoblin zombies (Ossuary)
  6 kobold zombies (Ossuary)
  4 orc zombies (Ossuary)
  2 rat zombies (Ossuary)
337 creatures vanquished.

Vanquished Creatures (collateral kills)
  Agnes (D:14)
  A tengu warrior (D:13)
  A gargoyle (D:11)
  A komodo dragon (D:12)
  2 kobold demonologists (D:10)
  A hornet (D:10)
  3 yaks
  A wyvern (D:9)
  Grum (D:9)
  A basilisk (D:9)
  A vampire mosquito (D:10)
  2 orc warriors
  An ogre (D:7)
  A wolf (D:9)
  A centaur (D:13)
  A wight (D:10)
  2 killer bees (D:11)
  2 centaur zombies (Ossuary)
  A human zombie (Ossuary)
  A jelly (D:7)
  An iguana (D:7)
  4 orc wizards
  A mummy (Ossuary)
  A gnoll (D:10)
  A shadow imp (D:7)
  An adder zombie (Ossuary)
  11 orcs
  A goblin (Bailey)
  2 hobgoblins (Bailey)
  7 kobolds
  A hobgoblin zombie (Ossuary)
  3 kobold zombies (Ossuary)
  4 orc zombies (Ossuary)
  A rat zombie (Ossuary)
65 creatures vanquished.

Vanquished Creatures (others)
  3 battlemagi
  2 ancestors (D:7)
  A kobold zombie (Bailey)
6 creatures vanquished.

Grand Total: 408 creatures vanquished

Notes
Turn   | Place    | Note
-------+----------+-------------------------------------------
     0 | D:1      | CowFu the Minotaur Fighter began the quest for the Orb.
     0 | D:1      | Reached XP level 1. HP: 19/19 MP: 0/0
   146 | D:1      | Reached skill level 3 in Polearms
   187 | D:1      | Reached XP level 2. HP: 26/26 MP: 1/1
   999 | D:2      | Reached skill level 4 in Polearms
  1010 | D:2      | Reached XP level 3. HP: 27/31 MP: 2/2
  1322 | D:2      | Found a basalt altar of Yredelemnul.
  1382 | D:2      | Reached skill level 5 in Polearms
  1451 | D:2      | Reached XP level 4. HP: 39/39 MP: 3/3
  1985 | D:3      | Reached skill level 6 in Polearms
  2035 | D:3      | Found a runed translucent door.
  2038 | D:3      | Noticed wireframewife's ghost (amateur BaIE)
  2314 | D:4      | Reached XP level 5. HP: 45/45 MP: 4/4
  2377 | D:4      | Noticed a black bear
  2402 | D:4      | Killed a black bear
  2403 | D:4      | Reached skill level 7 in Polearms
  2559 | D:4      | Found a stormy altar of Qazlal.
  2603 | D:4      | Reached XP level 6. HP: 29/51 MP: 5/5
  2709 | D:4      | Reached skill level 8 in Polearms
  3212 | D:5      | Entered Level 5 of the Dungeon
  3214 | D:5      | Reached skill level 9 in Polearms
  3215 | D:5      | Reached XP level 7. HP: 57/57 MP: 6/6
  3322 | D:5      | Reached skill level 10 in Polearms
  3331 | D:5      | Noticed Dowan
  3333 | D:5      | Noticed Duvessa
  3356 | D:5      | Killed Duvessa
  3369 | D:5      | Killed Dowan
  3384 | D:5      | Noticed a rust devil
  3401 | D:5      | Found a staircase to the Ecumenical Temple.
  3518 | Temple   | Found a transporter.
  3518 | Temple   | Found a transporter.
  3518 | Temple   | Found a transporter.
  3518 | Temple   | Found a transporter.
  3518 | Temple   | Entered the Ecumenical Temple
  3534 | Temple   | Became a worshipper of Hepliaklqana the Forgotten
  3598 | D:5      | Reached skill level 11 in Polearms
  3603 | D:5      | Noticed an angel
  3670 | D:5      | Reached XP level 8. HP: 51/64 MP: 7/7
  3685 | D:5      | Found a sparkling altar of Nemelex Xobeh.
  4163 | D:6      | Reached skill level 12 in Polearms
  4373 | D:6      | Found a shimmering altar of Xom.
  4383 | D:6      | Found a radiant altar of Vehumet.
  4536 | D:6      | Reached * piety under Hepliaklqana
  4736 | D:7      | Reached skill level 13 in Polearms
  4834 | D:7      | Found a glowing golden altar of the Shining One.
  4980 | D:7      | Reached skill level 14 in Polearms
  4980 | D:7      | Reached XP level 9. HP: 63/63 MP: 8/8
  5013 | D:7      | Reached skill level 1 in Dodging
  5031 | D:7      | Noticed a two-headed ogre
  5035 | D:7      | Reached skill level 1 in Invocations
  5074 | D:7      | Found a bloodstained altar of Trog.
  5086 | D:7      | Killed a two-headed ogre
  5087 | D:7      | Reached skill level 1 in Evocations
  5097 | D:7      | Found a glowing silver altar of Zin.
  5102 | D:7      | Found a sacrificial altar of Ru.
  5144 | D:7      | Reached skill level 5 in Fighting
  5144 | D:7      | Reached skill level 5 in Shields
  5152 | D:7      | Reached skill level 5 in Armour
  5397 | D:7      | Reached XP level 10. HP: 72/72 MP: 11/11
  5470 | D:7      | Found a hide-covered altar of Uskayaw.
  5622 | D:7      | Noticed a cyclops
  5635 | D:7      | Killed a cyclops
  5663 | D:7      | Identified a scroll of acquirement
  5669 | D:7      | Acquired the +3 warlock's mirror {omnireflect}
  5669 | D:7      | Found the +3 warlock's mirror {omnireflect}
  5727 | D:8      | Noticed a two-headed ogre
  5735 | D:8      | Killed a two-headed ogre
  5833 | D:8      | Reached ** piety under Hepliaklqana
  5835 | D:8      | Remembered your ancestor Ishtar-belessa as a battlemage
  6038 | D:8      | Found a sand-covered staircase.
  6048 | Ossuary  | Entered an ossuary
  6406 | D:8      | Found a basalt altar of Yredelemnul.
  6558 | D:8      | Found Juiheweg's Book Emporium.
  6878 | D:9      | Found a staircase to the Orcish Mines.
  7037 | D:9      | Reached skill level 5 in Dodging
  7091 | D:9      | Noticed Grum
  7114 | D:9      | Killed Grum
  7221 | D:9      | Reached XP level 11. HP: 74/82 MP: 13/13
  7252 | D:9      | a steam dragon changed into a glowing shapeshifter
  7252 | D:9      | Noticed a glowing shapeshifter (glowing shapeshifter)
  7253 | D:9      | a glowing shapeshifter changed into a shock serpent
  7253 | D:9      | Noticed a shock serpent (glowing shapeshifter)
  7254 | D:9      | a shock serpent changed into a cyclops
  7280 | D:9      | Found a staircase to the Lair.
  7616 | D:10     | Entered Level 10 of the Dungeon
  7648 | D:10     | Found a flagged portal.
  7671 | Bailey   | Entered a bailey
  7693 | Bailey   | Noticed an orc warlord
  7751 | Bailey   | Found a runed translucent gate.
  7753 | Bailey   | Found a runed translucent gate.
  7754 | Bailey   | Found a runed translucent gate.
  7784 | Bailey   | Acquired the +2 pair of gloves of Grottiness {Str+6}
  7864 | Bailey   | Reached XP level 12. HP: 93/93 MP: 14/14
  7879 | Bailey   | Killed an orc warlord
  8034 | D:10     | Found an ornate altar of the Wu Jian Council.
  8122 | D:10     | Reached *** piety under Hepliaklqana
  8810 | D:11     | Noticed a tengu warrior
  8822 | D:11     | Killed a tengu warrior
  8823 | D:11     | Reached skill level 10 in Fighting
  8823 | D:11     | Reached skill level 10 in Armour
  8823 | D:11     | Reached skill level 10 in Shields
  8828 | D:11     | Found a shimmering blue altar of Sif Muna.
  8842 | D:11     | Found a snail-covered altar of Cheibriados.
  8845 | D:11     | Found an ornate altar of the Wu Jian Council.
  8845 | D:11     | Found a hide-covered altar of Uskayaw.
  9156 | D:11     | Found a runed translucent gate.
  9156 | D:11     | Found a runed translucent gate.
  9156 | D:11     | Found a runed translucent gate.
  9158 | D:11     | Noticed Ekaitz's ghost (journeyman DEEE)
  9194 | D:11     | Reached **** piety under Hepliaklqana
  9870 | D:12     | Identified the "Vegrehio"
  9989 | D:12     | Reached XP level 13. HP: 101/101 MP: 15/15
 10151 | D:12     | Reached skill level 10 in Dodging
 10160 | D:12     | Reached skill level 16 in Polearms
 10160 | D:12     | Reached XP level 14. HP: 108/108 MP: 16/16
 10289 | D:12     | Found a sparkling altar of Nemelex Xobeh.
 10373 | D:12     | Reached ***** piety under Hepliaklqana
 10835 | D:13     | Identified the +9 dagger "Suokli Hyux" {drain, rC+}
 10968 | D:13     | Reached skill level 5 in Invocations
 11554 | D:14     | Noticed Agnes
 11565 | D:14     | Killed Agnes
 11660 | D:14     | Reached skill level 17 in Polearms
 11667 | D:14     | Found a gate to the Vaults.
 11669 | D:14     | HP: 5/108 [ironbound frostheart (15)]
 11669 | D:14     | Annihilated by an ironbound frostheart

Illustrated notes

Levels and vault maps discovered:
D:1:      heliophobic_arrival_enchanted_forest, layout_basic
D:2:      layout_rooms, serial_forest, infiniplex_forest_straight_2,
          infiniplex_forest_straight_4, infiniplex_forest_straight_1,
          infiniplex_forest_corner_1, infiniplex_forest_fountain,
          infiniplex_forest_straight_4, infiniplex_forest_join, basic_altar,
          chequers_serial_rivers_micro_d, minmay_bisected
D:3:      layout_loops_cross, ebering_ghost_sewer_d
D:4:      layout_loops_ring, nicolae_qazlal_general_emergency, chequers_garden
D:5:      layout_loops_cross, mainiacjoe_overflow_six_doors_small,
          temple_garden, uniq_duvessa
D:6:      layout_cave_pods, mainiacjoe_overflow_big_doors
D:7:      nzn_winding_woodlands_medium [nzn_winding_woodlands_5x5_three,
          nzn_winding_woodlands_5x15_pool,
          nzn_winding_woodlands_5x5_checkerboard,
          nzn_winding_woodlands_5x5_closed_star,
          nzn_winding_woodlands_center_pierced_h,
          nzn_winding_woodlands_5x5_cross, nzn_winding_woodlands_5x5_default,
          nzn_winding_woodlands_5x15_jagged, nzn_winding_woodlands_hourglass],
          layout_gridville, tso_oasis_becter, eat_drink_and_be_merry_uskayaw,
          grunt_temple_overflow_diamond
D:8:      layout_loops_ring, yredelemnul_altar_generic,
          mainiacjoe_ossuary_entry_find_the_door, serial_glass, glass_columns_a,
          glass_columns_b, due_unseen_surprise, item_on_display_a,
          unseen_surprise_small, item_on_display_b, serial_shops,
          kennysheep_mini
D:9:      layout_irregular_city, erik_lair_dragon, uniq_grum
D:10:     layout_gridville, nzn_wu_jian_contemplation, enter_bailey_2
D:11:     minmay_the_grid_octo_tiled_squarecenter [minmay_the_grid_octo_teeth,
          minmay_the_grid_octo_shrine, minmay_the_grid_octo_checkerflower,
          minmay_the_grid_octo_fat_diamond,
          minmay_the_grid_square_5x5_megaprize_hollow,
          minmay_the_grid_square_5x5_almost_minimal,
          minmay_the_grid_square_5x5_trominoes,
          minmay_the_grid_square_5x5_longway,
          minmay_the_grid_square_5x5_checkered_statues], layout_basic,
          gammafunk_ghost_necromancy
D:12:     layout_stronghold, nemelex_diamond_rough_becter
D:13:     layout_loops_cross, minmay_hedge_maze, nrook_mini_vaults
D:14:     minmay_crescents, layout_irregular_city, hellmonk_vaults_keyhole,
          uniq_agnes, uniq_azrael
Temple:   hellmonk_temple_divided_pantheon

Skill      XL: |  1  2  3  4  5  6  7  8  9 10 11 12 13 14 |
---------------+-------------------------------------------+-----
Polearms       | 3 4 5 6 7 9 11 14 16 17 | 17.1
Dodging        | 3 5 7 9 10 | 10.0
Fighting       | 5 7 9 10 | 10.0
Armour         | 5 7 9 10 | 10.0
Shields        | 5 7 9 10 | 10.0
Invocations    | 3 4 6 |  6.8
Evocations     | 2 4 6 7 8 |  8.0

Action                     |  1- 3 |  4- 6 |  7- 9 | 10-12 | 13-15 || total
---------------------------+-------+-------+-------+-------+-------++-------
  Melee: Trident           |    90 |   147 |   388 |   489 |   113 ||  1227
         Headbutt          |     8 |    16 |    42 |    69 |    19 ||   154
 Invoke: Recall Ancestor   |       |       |       |     1 |       ||     1
         Ancestor Life: Ba |       |       |       |     1 |       ||     1
    Use: Scroll            |       |       |       |    29 |     6 ||    35
         Potion            |       |       |       |     2 |     4 ||     6
   Stab: Sleeping          |       |       |     1 |       |       ||     1
         Distracted        |       |       |       |     6 |     2 ||     8
         Petrified         |       |       |       |       |     1 ||     1
 Armour: Scale mail        |    29 |    72 |   148 |   139 |    78 ||   466
  Dodge: Dodged            |    24 |    49 |    78 |    95 |    46 ||   292
         Repelled          |       |       |     4 |     4 |     1 ||     9
  Block: Buckler           |    13 |    30 |    39 |    98 |    41 ||   221
         Reflection        |       |       |       |    13 |     9 ||    22

Table legend: (Time is in decaauts)
 A = Elapsed time spent in this place.
 B = Non-inter-level travel time spent in this place.
 C = Inter-level travel time spent in this place.
 D = Time resting spent in this place.
 E = Time spent auto-exploring this place.
 F = Levels seen in this place.
 G = Mean time per level.
                   A        B        C        D        E       F      G
               +--------+--------+--------+--------+--------+-----+--------+
         Total |  11414 |  10866 |    548 |    100 |   8250 |  17 |  671.4 |
       Dungeon |  10882 |  10346 |    536 |    100 |   8080 |  14 |  777.3 |
        Temple |     30 |     18 |     12 |      0 |      0 |   1 |   30.0 |
       Ossuary |    194 |    194 |      0 |      0 |     93 |   1 |  194.0 |
        Bailey |    307 |    307 |      0 |      0 |     76 |   1 |  307.0 |
               +--------+--------+--------+--------+--------+-----+--------+

Top non-repeatable levels by time:
    D:11: 1200 daAuts
     D:1: 968 daAuts
     D:4: 905 daAuts
     D:7: 898 daAuts
    D:12: 867 daAuts
     D:8: 825 daAuts
     D:9: 807 daAuts
    D:13: 787 daAuts
     D:3: 732 daAuts
    D:10: 722 daAuts
     D:6: 721 daAuts
     D:5: 699 daAuts
     D:2: 615 daAuts
  Bailey: 307 daAuts
 Ossuary: 194 daAuts
